 Dungeon Crawl Stone Soup version 0.22.1-2-g9c5b331 (webtiles) character file.

30 ZarpasAD the Firebug (level 3, -2/24 HPs)
             Began as a Demonspawn Fire Elementalist on Dec 19, 2018.
             Was an Initiate of Cheibriados.
             Slain by a worm (9 damage)
             ... on level 2 of the Dungeon.
             The game lasted 00:52:39 (1573 turns).

ZarpasAD the Firebug (Demonspawn Fire Elementalist) Turns: 1573, Time: 00:52:39

Health: -2/24      AC:  0    Str:  9    XL:     3   Next: 3%
Magic:  1/6        EV: 12    Int: 18    God:    Cheibriados [......]
Gold:   36         SH:  0    Dex: 14    Spells: 3/6 levels left

rFire    . . .     SeeInvis .   h - +0 mace
rCold    . . .     Gourm    .   (no shield)
rNeg     . . .     Faith    .   (no armour)
rPois    .         Spirit   .   (no helmet)
rElec    .         Reflect  .   (no cloak)
rCorr    .         Harm     .   (no gloves)
MR       .....                  (no boots)
Stlth    ++++......             (no amulet)
HPRegen  0.08/turn              (no ring)
MPRegen  0.10/turn              (no ring)

@: very slow
A: nightstalker 2
a: Bend Time, Renounce Religion


You were on level 2 of the Dungeon.
You worshipped Cheibriados.
Cheibriados was noncommittal.
You were not hungry.

You visited 1 branch of the dungeon, and saw 2 of its levels.

You collected 36 gold pieces.

Inventory:

Hand Weapons
 c - a +0 short sword
 d - a +0 whip
 h - a +0 mace (weapon)
 i - a cursed -2 club
 m - a +0 club
 o - a +0 whip
 p - a +0 club
Missiles
 q - 19 poisoned needles
Armour
 a - a +0 robe
 e - a +0 chain mail
 g - a +0 large shield
 j - a +0 leather armour
 l - a +0 ring mail
Scrolls
 f - a scroll of remove curse {unknown}
 n - 2 scrolls of teleportation {unknown}
 s - a scroll of identify {unknown}
Potions
 b - a potion of degeneration {unknown}
 k - 2 potions of ambrosia {unknown}
 r - a potion of curing {unknown}
Comestibles
 t - 2 chunks of flesh
 u - a ration


   Skills:
 + Level 0.1 Fighting
 + Level 0.7 Maces & Flails
 + Level 2.0 Dodging
 + Level 1.7 Stealth
 + Level 1.0 Shields
 + Level 2.2 Spellcasting
 + Level 1.3 Conjurations
 + Level 2.9 Fire Magic


You had 3 spell levels left.
You knew the following spells:

 Your Spells              Type           Power        Failure   Level  Hunger
a - Flame Tongue          Conj/Fire      #....        8%          1    #......
b - Throw Flame           Conj/Fire      #.....       11%         2    ###....

Your spell library contained the following spells:

 Spells                   Type           Power        Failure   Level  Hunger
 Conjure Flame            Conj/Fire      #.......     22%         3    ###....
 Inner Flame              Hex/Fire       #.......     28%         3    ###....
 Sticky Flame             Conj/Fire      #.......     58%         4    #####..
 Fireball                 Conj/Fire      #.........   90%         5    ######.


Dungeon Overview and Level Annotations

Branches:
Dungeon (2/15)

Altars:
Cheibriados


Innate Abilities, Weirdness & Mutations

You are significantly more attuned to the shadows.


Message History

The worm barely misses you.
Casting: Flame Tongue (safe; 8% risk of failure)
Confirm with . or Enter, or press ? or * to list all spells.
Aiming: Flame Tongue (safe; 8% risk of failure)
Press: ? - help, Shift-Dir - straight line, f/p - worm
Aim: a worm The flame tongue hits the worm.
The worm is moderately wounded.
Casting: Flame Tongue (safe; 8% risk of failure)
Confirm with . or Enter, or press ? or * to list all spells.
Aiming: Flame Tongue (safe; 8% risk of failure)
Press: ? - help, Shift-Dir - straight line, f/p - worm
Aim: a worm (moderately wounded)
The flame tongue hits the worm.
The worm is heavily wounded.
There is a stone staircase leading up here.
You climb upwards.
There is a stone staircase leading down here.
You climb downwards.
The worm bites you!
You die...

###### #....#
##########....#### #w##.
#................. ....
#.........w@...# #..####
#..............# ###......
#.รท............# ##........
#.........#....###.........
#.........#.#####......)...
#.........#.##.w...........
###...........##.##..........
#............###.##..........
#.###.##.###.#...##..........


You could see a worm.

Vanquished Creatures
  2 dart slugs (D:1)
  A leopard gecko (D:1)
  4 giant cockroaches (D:1)
  4 hobgoblins (D:1)
  3 bats (D:1)
  A frilled lizard (D:1)
  A goblin (D:2)
  3 kobolds
  7 rats
26 creatures vanquished.

Notes
Turn   | Place    | Note
-------+----------+-------------------------------------------
     0 | D:1      | ZarpasAD the Demonspawn Fire Elementalist began the quest
                  | for the Orb.
     0 | D:1      | Reached XP level 1. HP: 13/13 MP: 3/3
   610 | D:1      | Gained mutation: You are slightly more attuned to the
                  | shadows. [demonic ancestry]
   610 | D:1      | Reached XP level 2. HP: 11/19 MP: 5/5
   624 | D:1      | Learned a level 2 spell: Throw Flame
  1377 | D:1      | Reached skill level 1 in Shields
  1462 | D:2      | Gained mutation: You are significantly more attuned to the
                  | shadows. [demonic ancestry]
  1462 | D:2      | Reached XP level 3. HP: 16/24 MP: 0/6
  1481 | D:2      | Found a snail-covered altar of Cheibriados.
  1483 | D:2      | Became a worshipper of Cheibriados the Contemplative
  1573 | D:2      | Slain by a worm

Skill      XL: |  1  2 |
---------------+-------+-----
Dodging        | 2 |  2.0
Shields        | 1 |  1.0
Fighting       | |  0.1
Maces & Flails | |  0.7
Stealth        | |  1.7
Spellcasting   | |  2.2
Conjurations   | |  1.3
Fire Magic     | |  2.9

Action                   || total
-------------------------++-------
Melee: Mace              ||    86
 Cast: Flame Tongue      ||     9
       Throw Flame       ||    16
  Use: Scroll            ||     1
  Eat: Ration            ||     2
Armor: Chain mail        ||    60
       Robe              ||     1
Dodge: Dodged            ||    18
Block: Large shield      ||    39
